 Seeded DCSS version 0.28-a0-1130-gc51a680 (webtiles) character file.

Game seed: 7182132626229169713 (custom seed)

51 araganzar the Grave Robber (level 3, 0/37 HPs)
             Began as an Ogre Necromancer on Dec 12, 2021.
             Was a Follower of the Shining One.
             Succumbed to an adder's poison
             ... on level 2 of the Dungeon.
             The game lasted 00:09:38 (1655 turns).

araganzar the Grave Robber (Ogre Necromancer)       Turns: 1655, Time: 00:09:38

Health: 0/37       AC:  3    Str: 14    XL:     3   Next: 81%
Magic:  6/6        EV:  9    Int: 16    God:    the Shining One [*.....]
Gold:   47         SH:  0    Dex:  9    Spells: 5/7 levels left

rFire   . . .      SeeInvis .   j - +0 mace
rCold   . . .      Faith    .   (no shield)
rNeg    . . .      Spirit   .   a - +0 robe
rPois   .          Reflect  .   (helmet restricted)
rElec   .          Harm     .   (no cloak)
rCorr   .          Rampage  .   (gloves unavailable)
Will    .....                   (boots unavailable)
Stlth   +.........              (no amulet)
HPRegen 0.12/turn               (no ring)
MPRegen 0.10/turn               (no ring)

@: lethally poisoned (0 -> -2), glowing
A: large, unfitting armour, tough skin 1
a: Renounce Religion, Divine Shield


You were on level 2 of the Dungeon.
You worshipped the Shining One.
The Shining One was aware of your devotion.
You visited 1 branch of the dungeon, and saw 2 of its levels.

You collected 47 gold pieces.


Innate Abilities, Weirdness & Mutations

You are too large for most types of armour.
You have tough skin. (AC +1)


   Skills:
 * Level 3.1 Fighting
 + Level 0.6 Maces & Flails
 + Level 0.5 Throwing
 - Level 1.9 Dodging
 - Level 1.5 Stealth
 - Level 2.6 Spellcasting
 - Level 3.7 Necromancy
 - Level 0.2 Invocations


You had 5 spell levels left.
You knew the following spells:

 Your Spells              Type           Power      Damage    Failure   Level
a - Animate Skeleton      Necr           26%        N/A       4%          1
z - Pain                  Necr           52%        1d6       4%          1

Your spell library contained the following spells:

 Spells                   Type           Power      Damage    Failure   Level
 Vampiric Draining        Necr           13%        2d6       13%         3
 Animate Dead             Necr           6%         N/A       38%         4
 Agony                    Necr           13%        N/A       75%         5

Inventory:

Hand Weapons
 b - a +0 dagger
   (You found it on level 1 of the Dungeon)
 h - a +0 club
   (You took it off a goblin on level 1 of the Dungeon)
 j - a +0 mace (weapon)
   (You found it on level 2 of the Dungeon)
Missiles
 d - 14 poisoned darts (quivered)
Armour
 a - a +0 robe (worn)
Scrolls
 e - a scroll of silence

.$...(................
...(...§.†<...........
######...#############
#...## #....# #....##
#######.....#.
.#.............
.......@.......
........###..#.
........# ......<(#
........# ..####### #


There were no monsters in sight!


Message History

Unknown command.
Unknown command.
You sock the adder!
You kill the adder!
* * * LOW HITPOINT WARNING * * *
You feel sick.
Your Fighting skill increases to level 3!
You take 2 damage, and have 3/37 hp.
* * * LOW HITPOINT WARNING * * *
You feel sick.
You see here an adder corpse.
You take 1 damage, and have 2/37 hp.
* * * LOW HITPOINT WARNING * * *
You feel sick.
You take 1 damage, and have 1/37 hp.
* * * LOW HITPOINT WARNING * * *
You feel sick.
Unknown command.
You aren't carrying any potions.
Really read
g - a scroll of blinking {!r}? [Y]es or [N]o only, please.
Really read
g - a scroll of blinking {!r}? [Y]es or [N]o only, please.
Really read
g - a scroll of blinking {!r}? [Y]es or [N]o only, please.
Really read
g - a scroll of blinking {!r}?
Blink to where?
Found 16 arrows.
Found an escape hatch in the ceiling.
As you read the scroll of blinking {!r}, it crumbles to dust.
You die...

Action                   || total
-------------------------++-------
Melee: Dagger            ||    34
       Club              ||    27
       Mace              ||    16
Throw: Dart              ||     8
 Cast: Animate Skeleton  ||    10
       Pain              ||    14
Invok: Divine Shield     ||     1
  Use: Scroll            ||     5
       Potion            ||     2
 Stab: Distracted        ||     1
       Sleeping          ||     1
Armor: Robe              ||    30
Dodge: Dodged            ||    37
Block: Other             ||     4

Levels and vault maps discovered:
D:1:      sevenhm_arrival_forest_fort_small_2, layout_rooms, serial_shops, shop,
          hellmonk_ecumenical_altar_heavens_door
D:2:      layout_basic, grunt_decor_clamped, uniq_crazy_yiuf_cottage,
          uniq_terence, uniq_natasha

Notes
Turn   | Place    | Note
-------+----------+-------------------------------------------
     0 | D:1      | araganzar the Ogre Necromancer began the quest for the Orb.
     0 | D:1      | Reached XP level 1. HP: 16/16 MP: 3/3
     2 | D:1      | Learned a level 1 spell: Animate Skeleton
     7 | D:1      | Noticed an elephant
    10 | D:1      | Noticed an anaconda
    79 | D:1      | Reached XP level 2. HP: 14/24 MP: 3/5
   264 | D:1      | Reached skill level 1 in Fighting
   490 | D:1      | Reached skill level 2 in Fighting
   662 | D:1      | Found a faded altar of an unknown god.
   664 | D:1      | Found Tepag's Antique Armour Emporium.
   679 | D:1      | Prayed at the altar of an unknown god.
   679 | D:1      | Became a worshipper of the Shining One
   679 | D:1      | Reached * piety under the Shining One
   755 | D:1      | Reached XP level 3. HP: 22/36 MP: 6/6
  1012 | D:2      | Noticed Terence
  1651 | D:2      | HP: 3/36 [poisoned by an adder]
  1652 | D:2      | Reached skill level 3 in Fighting
  1653 | D:2      | HP: 1/37 [poisoned by an adder]
  1655 | D:2      | Succumbed to an adder's poison

Vanquished Creatures
  2 adders (D:2)
  2 ball pythons (D:1)
  3 bats
  4 endoplasms
  A giant cockroach (D:1)
  A goblin (D:1)
  A hobgoblin (D:1)
  4 jackals (D:1)
  3 kobolds
  A quokka (D:1)
  2 frilled lizards (D:1)
  2 rats
26 creatures vanquished.

Vanquished Creatures (collateral kills)
  A quokka (D:1)
  A ball python (D:1)
  A bat (D:1)
  A goblin (D:1)
4 creatures vanquished.

Grand Total: 30 creatures vanquished
